 Dungeon Crawl Stone Soup version 0.23-a0-335-gba3dfdf (webtiles) character file.

206 Amnesiac the Digger (level 5, 21/21 HPs)
             Began as a Felid Earth Elementalist on Oct 17, 2018.
             Quit the game on level 4 of the Dungeon.
             The game lasted 00:11:36 (3178 turns).

Amnesiac the Digger (Felid Earth Elementalist)      Turns: 3178, Time: 00:11:37

Health: 21/21      AC:  2    Str:  4    XL:     5   Next: 53%
Magic:  10/10      EV: 19    Int: 18    God:
Gold:   42         SH:  0    Dex: 17    Spells: 7/10 levels left
                                        Lives:  0   Deaths: 1

rFire    . . .     SeeInvis +   (weapon unavailable)
rCold    . . .     Gourm    .   (shield unavailable)
rNeg     . . .     Faith    .   (armour unavailable)
rPois    .         Spirit   .   (helmet unavailable)
rElec    .         Reflect  .   (cloak unavailable)
rCorr    .         Harm     .   (gloves unavailable)
MR       .....                  (boots unavailable)
Stlth    +++.......             (no amulet)
HPRegen  0.07/turn              (no ring)
MPRegen  0.12/turn              (no ring)

@: quick
A: very small, no armour, no weapons or thrown items, stealth, claws 1, fangs 3,
see invisible, carnivore, speed 1, shaggy fur 2, slow metabolism 1, sharp paws
a: no special abilities


You were on level 4 of the Dungeon.
You were not hungry.

You visited 1 branch of the dungeon, and saw 5 of its levels.

You collected 42 gold pieces.

Inventory:

Missiles
 b - 156 stones
Scrolls
 d - a scroll of immolation {!r, unknown}
 k - a scroll of remove curse {!r}
 m - a scroll of enchant weapon {!r, unknown}
Potions
 a - 2 potions of magic {!q, unknown}
 e - 2 potions of might {!q, unknown}
 f - 2 potions of lignification {!q, unknown}
 g - 2 potions of invisibility {!q, unknown}
 h - a potion of mutation {!q}
 i - a potion of cancellation {!q}
 l - a potion of flight {!q, unknown}
Comestibles
 c - 4 rations


   Skills:
 - Level 4.1 Dodging
 - Level 3.0 Stealth
 - Level 3.0 Spellcasting
 - Level 1.1 Transmutations
 + Level 5.9 Earth Magic


You had 7 spell levels left.
You knew the following spells:

 Your Spells              Type           Power        Failure   Level  Hunger
a - Sandblast             Erth           ###...       1%          1    None
b - Passwall              Tmut/Erth      ###.....     6%          2    ##.....

Your spell library contained the following spells:

 Spells                   Type           Power        Failure   Level  Hunger
 Stone Arrow              Conj/Erth      ##....       14%         3    ###....
 Petrify                  Tmut/Erth      ###.....     36%         4    ####...
 Lee's Rapid Deconstruct  Erth           ###.......   36%         5    ######.


Dungeon Overview and Level Annotations

Branches:
Dungeon (5/15)
 Temple: D:4-7

Altars:
Fedhas
Hepliaklqana
Makhleb
Qazlal
Trog


Innate Abilities, Weirdness & Mutations

You cannot wear armour.
You are incapable of wielding weapons or throwing items.
Your paws allow you to move quietly. (Stealth)
You have sharp claws.
You have razor-sharp teeth.
You have supernaturally acute eyesight. (SInv)
You are carnivorous and can eat meat at any time.
You cover ground quickly.
You are covered in thick fur. (AC +2)
You have a slow metabolism.
Your sharp claws are effective at attacking unaware monsters.


Message History

Aiming: Sandblast (safe; 1% risk of failure)
Press: ? - help, Shift-Dir - straight line, f - howler monkey
Aim: a howler monkey The blast of sand misses the howler monkey.
b - 159 stones The howler monkey hoots and howls with incredible vigour!
You hear a shout!
You hear an angry hiss.
You hear a shout! x3
Unknown command.
Casting: Sandblast (safe; 1% risk of failure)
Confirm with . or Enter, or press ? or * to list all spells.
Aiming: Sandblast (safe; 1% risk of failure)
Press: ? - help, Shift-Dir - straight line, f/p - howler monkey
Aim: a howler monkey (catching its breath)
The blast of sand hits the howler monkey.
The howler monkey is heavily wounded.
b - 158 stones The howler monkey barely misses you.
Unknown command.
Casting: Sandblast (safe; 1% risk of failure)
Confirm with . or Enter, or press ? or * to list all spells.
Aiming: Sandblast (safe; 1% risk of failure)
Press: ? - help, Shift-Dir - straight line, f/p - howler monkey
Aim: a howler monkey (heavily wounded, catching its breath)
The blast of sand misses the howler monkey.
b - 157 stones The howler monkey hits you but does no damage.
Unknown command.
Casting: Sandblast (safe; 1% risk of failure)
Confirm with . or Enter, or press ? or * to list all spells.
Aiming: Sandblast (safe; 1% risk of failure)
Press: ? - help, Shift-Dir - straight line, f/p - howler monkey
Aim: a howler monkey (heavily wounded)
The blast of sand hits the howler monkey.
You kill the howler monkey!
b - 156 stones Unknown command.
Found a stone staircase leading up.
A centaur comes into view.
The centaur shouts!
The centaur wields a +0 shortbow.
The centaur shoots an arrow.
The arrow hits you!
You see here an arrow.
The centaur shoots an arrow.
The arrow misses you.
The centaur shoots an arrow.
The arrow hits you!
* * * LOW HITPOINT WARNING * * *
The centaur shoots an arrow.
The arrow completely misses you.
There is a stone staircase leading up, spattered with blood here.
You see here an arrow.
The centaur shoots an arrow.
The arrow completely misses you.
You climb upwards. 3 orcs come into view.
An orc is wielding a +1 flail of crushing.
The orc wizard shouts!
The orc shouts!
The orc completely misses you.
The orc wizard points at you and mumbles some strange words.
The puff of frost hits you!
Ouch! That really hurt!
You die...
The orc hits you with a +0 mace.
The orc shouts!
You are now level 5!
You rejoin the land of the living...
Found 19 gold pieces.
Are you sure you want to abandon this character and quit the game? (Confirm

.......
.....#
.....#
....#
....####
#......
+...#
#@..#
#...#
#..$#
#...#
....#
.#+## #


There were no monsters in sight!

Vanquished Creatures
  Grinder (D:3)
  A bullfrog (D:3)
  A howler monkey (D:5)
  A gnoll (D:1)
  2 adders
  An adder skeleton (D:4)
  A worm (D:1)
  A dart slug (D:1)
  A leopard gecko (D:3)
  5 goblins
  5 hobgoblins
  5 jackals
  3 kobolds (D:1)
  3 quokkas
  3 ball pythons (D:2)
  7 bats
  A frilled lizard (D:2)
  5 rats
47 creatures vanquished.

Notes
Turn   | Place    | Note
-------+----------+-------------------------------------------
     0 | D:1      | Amnesiac the Felid Earth Elementalist began the quest for
                  | the Orb.
     0 | D:1      | Reached XP level 1. HP: 7/7 MP: 4/4
   104 | D:1      | Reached skill level 3 in Earth Magic
   104 | D:1      | Reached XP level 2. HP: 11/11 MP: 0/6
   108 | D:1      | Learned a level 2 spell: Passwall
  1116 | D:1      | Upgraded the game from 0.23-a0-333-g006994f to
                  | 0.23-a0-335-gba3dfdf
  1134 | D:1      | Reached XP level 3. HP: 8/14 MP: 8/8
  2393 | D:4      | Reached XP level 4. HP: 13/18 MP: 7/9
  2394 | D:4      | Found a blossoming altar of Fedhas.
  2397 | D:4      | Found a hazy altar of Hepliaklqana.
  2397 | D:4      | Found a bloodstained altar of Trog.
  2398 | D:4      | Found a burning altar of Makhleb.
  2536 | D:3      | Noticed a bullfrog
  2605 | D:3      | Killed a bullfrog
  2605 | D:3      | Reached skill level 4 in Earth Magic
  2605 | D:3      | Reached XP level 5. HP: 8/21 MP: 2/10
  2806 | D:3      | Noticed Grinder
  2843 | D:3      | Killed Grinder
  2843 | D:3      | Reached skill level 5 in Earth Magic
  2843 | D:3      | Gained mutation: You are covered in thick fur. (AC +2)
                  | [Felid growth]
  2843 | D:3      | Reached XP level 6. HP: 24/24 MP: 3/11
  2911 | D:4      | Found a stormy altar of Qazlal.
  3052 | D:5      | Entered Level 5 of the Dungeon
  3177 | D:4      | Killed from afar by an orc wizard
  3178 | D:4      | Reached XP level 5. HP: -9/21 MP: 9/10
  3178 | D:4      | Quit the game

Vault maps used:
D:1:      mushboom_english_gardens, hangedman_decor_points
D:2:      minmay_diamond_boxcup, uniq_sigmund
D:3:      first_ration, uniq_grinder, uniq_natasha
D:4:      chequers_temple_overflow_statue_of_worship, temple_doors_ab,
          minmay_misc_feat_encased, grunt_qazlal_sundering
D:5:      uniq_menkaure

Skill      XL: |  1  2  3  4  5 |
---------------+----------------+-----
Earth Magic    | 3 4 5 |  5.9
Stealth        | 3 |  3.0
Dodging        | 4 |  4.1
Spellcasting   | 3 |  3.0
Transmutations | |  1.1

Action                   |  1- 3 |  4- 6 || total
-------------------------+-------+-------++-------
Melee: Unarmed           |   118 |    35 ||   153
       Bite              |     6 |     3 ||     9
 Cast: Sandblast         |    42 |    20 ||    62
       Passwall          |     2 |     4 ||     6
  Use: Scroll            |     4 |     2 ||     6
 Stab: Sleeping          |     6 |     1 ||     7
  Eat: Chunk             |    11 |     1 ||    12
Armor: Skin              |     7 |     5 ||    12
Dodge: Dodged            |   157 |    57 ||   214

Table legend:
 A = Non-vault XP
 B = Vault XP
 C = Vault XP percentage of total XP
 D = Non-vault monster count
 E = Vault monster count
 F = Vault count percentage of total count
                 A         B        C        D         E       F
            +---------+---------+-------+---------+---------+-------
      Total |     245 |     326 |  57.1 |      38 |       9 |  19.1
            +---------+---------+-------+---------+---------+-------
        D:1 |      53 |       0 |   0.0 |      21 |       0 |   0.0
        D:2 |      14 |      26 |  65.0 |       9 |       8 |  47.1
        D:3 |     116 |     300 |  72.1 |       5 |       1 |  16.7
        D:4 |       7 |       0 |   0.0 |       2 |       0 |   0.0
        D:5 |      55 |       0 |   0.0 |       1 |       0 |   0.0
            +---------+---------+-------+---------+---------+-------
